 Dungeon Crawl Stone Soup version 0.13-a0-2318-gf5ad1f9 (webtiles) character file.

300 Kae the Cutter (level 5, -9/34 HPs)
             Began as a High Elf Warper on July 10, 2013.
             Mangled by a goliath beetle (28 damage)
             ... on Level 3 of the Dungeon.
             The game lasted 00:04:11 (3778 turns).

Kae the Cutter (High Elf Warper)                    Turns: 3778, Time: 00:04:11

HP  -9/34        AC  3     Str 10      XL: 5   Next: 18%
MP  11/11        EV 11     Int 16      God:
Gold 139         SH  0     Dex 16      Spells:  3 memorised,  3 levels left

Res.Fire  : . . .   See Invis. : .   a - +1 elf short sword
Res.Cold  : . . .   Warding    : .   b - +0 elf leather armour
Life Prot.: . . .   Conserve   : .   (no shield)
Res.Poison: .       Res.Corr.  : .   (no helmet)
Res.Elec. : .       Clarity    : .   (no cloak)
Sust.Abil.: + .     Spirit.Shd : .   (no gloves)
Res.Mut.  : .       Stasis     : +   (no boots)
Res.Rott. : .       Flight     : .   r - amulet of stasis
Saprovore : . . .                    m - ring of sustain abilities {unknown}
                                     i - ring of flight

@: slightly resistant to hostile enchantments, unstealthy
A: no striking features
a: Evoke Flight


You were on level 3 of the Dungeon.
You were not hungry.

You visited 1 branch of the dungeon, and saw 3 of its levels.

You collected 89 gold pieces.

Inventory:

Hand weapons
 a - a +1,+1 elven short sword (weapon)
Missiles
 e - 15 darts (quivered)
 f - 10 darts of dispersal
Armour
 b - a +0 elven leather armour (worn)
Magical devices
 s - a wand of hasting (3)
Comestibles
 k - a banana
 n - 3 meat rations
 t - an apple
 z - a bread ration
Scrolls
 d - 4 scrolls of blinking
 g - a scroll of teleportation {unknown}
 h - a scroll of enchant armour {unknown}
 j - 2 scrolls of enchant weapon I
 u - a scroll of random uselessness {unknown}
 v - 3 scrolls of identify
 w - a scroll of recharging {unknown}
Jewellery
 i - a ring of flight (left hand)
 m - a ring of sustain abilities (right hand) {unknown}
 r - an amulet of stasis (around neck)
 y - an uncursed ring of ice {unknown}
Potions
 l - 2 potions of heal wounds
 o - a potion of might {unknown}
 p - a potion of restore abilities {unknown}
 q - a potion of brilliance {unknown}
 x - 3 potions of curing {unknown}
Books
 c - a book of Spatial Translocations

   Spells                             Type                      Level
   *Apportation                       Translocation                1
   Portal Projectile                  Translocation                2
   *Blink                             Translocation                2
   *Shroud of Golubria                Charms/Translocation         2
   Teleport Other                     Translocation                3
   Passage of Golubria                Translocation                4


   Skills:
 - Level 2.0 Fighting
 + Level 6.6 Short Blades
 - Level 1.1 Throwing
 - Level 0.8 Armour
 - Level 2.1 Dodging
 - Level 2.4 Spellcasting
 - Level 3.2 Translocations


You had 3 spell levels left.
You knew the following spells:

 Your Spells              Type           Power        Failure   Level  Hunger
a - Apportation           Tloc           ##........   8%          1    #......
b - Blink                 Tloc           N/A          10%         2    ##.....
c - Shroud of Golubria    Chrm/Tloc      #.........   17%         2    ##.....


Dungeon Overview and Level Annotations

Branches:
Dungeon (3/27)

Altars:
the Shining One


Message History

The goliath beetle bites you!
You hit the goliath beetle but do no damage.
The goblin hits you but does no damage.
You hit the goliath beetle.
The goliath beetle is lightly wounded.
The goblin closely misses you.
You hit the goliath beetle but do no damage.
The goliath beetle is lightly wounded.
The goliath beetle misses you.
You hit the goliath beetle but do no damage.
The goliath beetle is lightly wounded.
The goblin barely misses you.
You hit the goliath beetle.
The goliath beetle is lightly wounded.
The goblin hits you.
Your leather armour prevents you from hitting the goliath beetle.
The goliath beetle is lightly wounded.
The goliath beetle bites you!
Ouch! That really hurt!
You die...

#.......# ##### #####+###
# ########### #
#....)...<# # #.<.......#
###+##### ####.........#
#........ ######
#............# #B........
+....) #.##...(.....#
#@........ ######
..##.........# #.g.......
####.........###.>.......
# #........>..'.........
# #.........###........ #
##.######## #........ #.#
#........ #.# ####+###
#.#


You could see a goliath beetle and a goblin.

Vanquished Creatures
  Jessica (D:3)
  7 adders (D:2)
  An inept feature mimic (D:3)
  A worm (D:3)
  2 giant geckos
  7 ball pythons (D:2)
  2 giant cockroaches
  6 hobgoblins
  9 jackals
  5 kobolds
  7 bats
  A giant newt (D:3)
  8 goblins
  2 quokkas (D:2)
  10 rats
69 creatures vanquished.

Vanquished Creatures (others)
  A goblin (D:1)
1 creature vanquished.

Grand Total: 70 creatures vanquished

Notes
Turn   | Place    | Note
--------------------------------------------------------------
     0 | D:1      | Kae, the High Elf Warper, began the quest for the Orb.
     0 | D:1      | Reached XP level 1. HP: 13/13 MP: 2/2
   510 | D:1      | Reached XP level 2. HP: 13/18 MP: 4/4
   867 | D:1      | Learned a level 2 spell: Blink
  1092 | D:1      | Reached skill level 4 in Short Blades
  1276 | D:2      | Reached XP level 3. HP: 12/23 MP: 6/6
  1512 | D:2      | Found a glowing golden altar of the Shining One.
  1949 | D:2      | Reached skill level 5 in Short Blades
  1960 | D:2      | Reached XP level 4. HP: 3/29 MP: 9/9
  2077 | D:2      | HP: 1/29 [poisoned by an adder]
  2602 | D:2      | Learned a level 2 spell: Shroud of Golubria
  2624 | D:3      | Reached skill level 6 in Short Blades
  2827 | D:3      | HP: 1/29 [inept door mimic (1)]
  3117 | D:3      | Noticed Jessica
  3149 | D:3      | Killed Jessica
  3149 | D:3      | Reached XP level 5. HP: 16/34 MP: 11/11
  3778 | D:3      | Mangled by a goliath beetle

Action                   |  1- 3 |  4- 6 || total
-------------------------+-------+-------++-------
Melee: Short sword       |   171 |   139 ||   310
 Cast: Shroud of Golubri |       |     1 ||     1
  Use: Scroll            |     8 |       ||     8
       Potion            |       |     1 ||     1
